 Dungeon Crawl Stone Soup version 0.30-a0-6-g7c9e10e132 (webtiles) character file.

Game seed: 8647110800144053502

4339 Flugkiller the Cleaver (level 10, 0/88 HPs)
             Began as a Minotaur Fighter on Aug 22, 2022.
             Was a Priest of Cheibriados.
             Succumbed to a hornet's poison
             ... while paralysed by a hornet
             ... on level 9 of the Dungeon.
             The game lasted 00:04:05 (6145 turns).

Flugkiller the Cleaver (Minotaur Fighter)           Turns: 6145, Time: 00:04:06

Health: 0/88       AC:  9    Str: 29    XL:     10   Next: 12%
Magic:  12/12      EV:  2    Int: 13    God:    Cheibriados [***...]
Gold:   253        SH:  0    Dex: 22    Spells: 9/9 levels left

rFire   + . .      SeeInvis .    a - +0 war axe
rCold   . . .      Faith    .    c - +0 buckler
rNeg    . . .      Spirit   .    b - +0 scale mail
rPois   .          Reflect  .    (helmet restricted)
rElec   .          Harm     .    (no cloak)
rCorr   .          Rampage  .    h - +0 pair of gloves
Will    .....                    (no boots)
Stlth   ..........               p - amulet of regeneration
HPRegen 1.04/turn                v - +4 ring of evasion
MPRegen 0.13/turn                f - ring of protection from fire

@: paralysed, lethally poisoned (0 -> -7), slowed, very slow
A: horns 2, retaliatory headbutt
a: Renounce Religion, Bend Time, Temporal Distortion


You were on level 9 of the Dungeon.
You worshipped Cheibriados.
Cheibriados was most pleased with you.
You visited 1 branch of the dungeon, and saw 9 of its levels.

You collected 437 gold pieces.
You spent 184 gold pieces at shops.

Inventory:

Hand Weapons
 a - a +0 war axe (weapon)
 L - a +1 broad axe
   (You found it on level 8 of the Dungeon)
Missiles
 m - 3 javelins (quivered)
 x - 3 throwing nets
Armour
 b - a +0 scale mail (worn)
 c - a +0 buckler (worn)
 h - a +0 pair of gloves (worn)
   (You found it on level 1 of the Dungeon)
Jewellery
 f - a ring of protection from fire (right hand)
   (You found it on level 8 of the Dungeon)
 p - an amulet of regeneration (around neck)
   (You found it on level 3 of the Dungeon)
 v - a +4 ring of evasion (left hand)
   (You found it on level 5 of the Dungeon)
 K - an amulet of reflection
   (You found it on level 1 of the Dungeon)
Wands
 g - a wand of digging (3)
   (You found it on level 5 of the Dungeon)
 w - a wand of light (7)
   (You found it on level 4 of the Dungeon)
Scrolls
 i - a scroll of fog
 j - 2 scrolls of immolation
 l - a scroll of magic mapping
 s - a scroll of acquirement
 t - a scroll of teleportation
 y - 3 scrolls of poison
 z - a scroll of blinking
 E - 2 scrolls of vulnerability
 F - 2 scrolls of enchant weapon
Potions
 d - 2 potions of might
 e - 4 potions of brilliance
 k - a potion of resistance {unknown}
 n - a potion of lignification {unknown}
 o - 5 potions of curing {unknown}
 q - 4 potions of degeneration {unknown}
 u - a potion of mutation {unknown}
 A - a potion of invisibility {unknown}
 B - 2 potions of haste {unknown}
 C - 2 potions of attraction {unknown}
 G - 2 potions of heal wounds {unknown}
 H - 2 potions of cancellation {unknown}
 J - a potion of magic {unknown}


   Skills:
 + Level 7.8 Fighting
 * Level 10.2 Axes
 + Level 7.9 Armour
 + Level 5.1 Dodging
 - Level 3.6 Shields
 + Level 5.2 Invocations
 + Level 4.7 Evocations


You had 9 spell levels left.
You didn't know any spells.
Your spell library was empty.

Dungeon Overview and Level Annotations

Branches:
Dungeon (9/15)             Temple (0/1) D:6
   Lair: D:8-11         Orc: D:9-12

Altars:
Cheibriados
Dithmenos
Gozag
Qazlal
Ru
Sif Muna
Trog
Uskayaw
Wu Jian
Yredelemnul
Zin
The Shining One

Shops:
D:7 (   D:8 *

Annotations:
D:4 1 runed translucent door, stringoo's ghost, amateur OpGl
D:7 3 runed translucent doors, wilfster70's ghost, novice GnWn


Innate Abilities, Weirdness & Mutations

You have a pair of horns on your head.
You reflexively headbutt those who attack you in melee.


Message History

The water moccasin poisons you!
You slash the water moccasin!
You kill the water moccasin!
Cheibriados thoroughly appreciates the change of pace.
You feel very sick.
No target in view!
No target in view!
No target in view!
No target in view!
No target in view!
You feel sick.
You feel sick.
You feel sick.
You feel sick.
You feel sick.
You feel sick.
You feel sick.
You feel sick.
You feel sick.
You feel sick.
You feel sick.
You are no longer poisoned.
HP restored.
You see here a water moccasin corpse.
You see here a +0 scimitar.
Done exploring.
Done exploring.
Done exploring.
Done exploring.
Okay, then.
Done exploring.
Done exploring.
(D) Dungeon (T) Temple
Where to? (Enter - D:8 @ (x,y), ? - help)
There is a stone staircase leading down here.
You climb downwards.
There is a stone staircase leading up here.
Found a scale mail.
You see here a +0 scale mail.
A hornet comes into view.
The hornet buzzes angrily.
You block the hornet's attack.
A hornet is nearby!
You slash the hornet!
The hornet is moderately wounded.
The hornet stings you!
You suddenly lose the ability to move!
The hornet stings you but does no damage.
The hornet stings you!
You are poisoned.
You feel yourself slow down.
You feel sick.
The hornet stings you but does no damage.
The hornet barely misses you.
You can move again.
You barely miss the hornet.
The hornet is moderately wounded.
You feel yourself speed up.
You feel sick. You block the hornet's attack. The hornet completely misses you.
You miss the hornet.
The hornet is moderately wounded.
You feel sick. The hornet stings you.
You feel yourself slow down. The hornet stings you.
You are more poisoned.
You feel as though you will be slow longer.
You hit the hornet but do no damage.
The hornet is moderately wounded.
You feel yourself speed up.
You feel very sick. The hornet misses you. You block the hornet's attack.
You barely miss the hornet. Your headbutt misses the hornet.
The hornet is moderately wounded.
You feel sick. The hornet misses you. The hornet stings you!
You are more poisoned.
You feel yourself slow down.
You hit the hornet but do no damage.
The hornet is moderately wounded.
You feel yourself speed up.
You feel very sick. The hornet completely misses you.
The hornet stings you but does no damage.
You slice the hornet!!
The hornet is almost dead.
You feel very sick. The hornet stings you.
You are more poisoned.
You feel yourself slow down. The hornet stings you.
You feel as though you will be slow longer.
You closely miss the hornet. Your headbutt misses the hornet.
The hornet is almost dead.
You feel very sick. You block the hornet's attack. The hornet stings you!
* * * LOW HITPOINT WARNING * * *
You suddenly lose the ability to move!
You feel very sick. The hornet stings you!
* * * LOW HITPOINT WARNING * * *
You shrug off the repeated paralysis!
The hornet stings you!
* * * LOW HITPOINT WARNING * * *
You shrug off the repeated paralysis!
You die...

..#. ##......
....... ###....#.
.......### ...
..########.....#..
....
.......@.......#.#
#..#
.#####y#.##....#.#
#..# #.#.##....#.#
#..# #.#.##....#.#
#..#
#.#.#.......####..#
#.#.##.##.........#
..#.....#..#####..#
#.#######.........#
#.........[


You could see a hornet.

Vanquished Creatures
  A manticore (D:8)
  5 yaks (D:8)
  4 water moccasins
  A sky beast (D:8)
  3 black bears
  A centaur (D:7)
  A phantom (D:7)
  3 bullfrogs
  A necrophage (D:5)
  4 scorpions
  19 wights
  A jelly (D:7)
  4 hounds
  2 orc priests
  4 iguanas
  3 orc wizards
  A mummy (D:5)
  7 gnolls
  9 adders
  3 white imps
  2 ufetubi
  7 dart slugs
  14 orcs
  3 endoplasms
  3 giant cockroaches
  6 goblins
  6 hobgoblins
  3 quokkas
  6 ball pythons
  5 bats
  3 frilled lizards
  2 hobgoblin zombies (D:5)
  9 kobolds
  2 kobold zombies (D:5)
  7 rats
155 creatures vanquished.

Vanquished Creatures (others)
  A hornet (D:7)
1 creature vanquished.

Grand Total: 156 creatures vanquished

Notes
Turn   | Place    | Note
-------+----------+-------------------------------------------
     0 | D:1      | Flugkiller the Minotaur Fighter began the quest for the
                  | Orb.
     0 | D:1      | Reached XP level 1. HP: 19/19 MP: 0/0
   140 | D:1      | Reached skill level 3 in Axes
   140 | D:1      | Reached XP level 2. HP: 27/27 MP: 1/1
   192 | D:1      | Found a faded altar of an unknown god.
   654 | D:1      | Reached XP level 3. HP: 33/33 MP: 2/2
  1608 | D:2      | Reached skill level 4 in Axes
  1701 | D:3      | Reached XP level 4. HP: 25/41 MP: 3/3
  1843 | D:3      | Found a stormy altar of Qazlal.
  2050 | D:3      | Found a snail-covered altar of Cheibriados.
  2238 | D:3      | Became a worshipper of Cheibriados the Contemplative
  2299 | D:4      | Found a hide-covered altar of Uskayaw.
  2401 | D:4      | Found an ornate altar of the Wu Jian Council.
  2655 | D:4      | Noticed a scorpion
  2659 | D:4      | Killed a scorpion
  2660 | D:4      | Reached skill level 5 in Axes
  2660 | D:4      | Reached skill level 1 in Invocations
  2660 | D:4      | Reached XP level 5. HP: 45/47 MP: 4/4
  2696 | D:4      | Noticed a black bear
  2704 | D:4      | Killed a black bear
  2704 | D:4      | Reached * piety under Cheibriados
  2705 | D:4      | Reached skill level 5 in Fighting
  2705 | D:4      | Reached skill level 5 in Armour
  2705 | D:4      | Reached XP level 6. HP: 54/56 MP: 4/6
  2984 | D:4      | Found a runed translucent door.
  2985 | D:4      | Noticed stringoo's ghost (amateur OpGl)
  3001 | D:5      | Entered Level 5 of the Dungeon
  3163 | D:5      | Found a glowing golden altar of the Shining One.
  3258 | D:5      | Found a sacrificial altar of Ru.
  3308 | D:5      | Reached skill level 6 in Axes
  3335 | D:5      | Reached skill level 1 in Dodging
  3404 | D:5      | Reached XP level 7. HP: 61/61 MP: 7/7
  3644 | D:5      | Found a faded altar of an unknown god.
  3644 | D:5      | Found a shimmering blue altar of Sif Muna.
  3651 | D:5      | Found a bloodstained altar of Trog.
  3653 | D:5      | Found a faded altar of an unknown god.
  3655 | D:5      | Found a basalt altar of Yredelemnul.
  3879 | D:6      | Found a shadowy altar of Dithmenos.
  3891 | D:6      | Reached ** piety under Cheibriados
  3892 | D:6      | Reached skill level 7 in Axes
  3980 | D:6      | Found a staircase to the Ecumenical Temple.
  4033 | D:6      | Reached XP level 8. HP: 66/70 MP: 9/9
  4225 | D:6      | Found a glowing silver altar of Zin.
  4476 | D:7      | Reached skill level 8 in Axes
  4491 | D:7      | Noticed a hornet
  4494 | D:7      | Reached *** piety under Cheibriados
  4500 | D:7      | Killed a hornet
  4503 | D:7      | Reached XP level 9. HP: 16/79 MP: 11/11
  4504 | D:7      | Reached skill level 1 in Evocations
  4709 | D:7      | Noticed wilfster70's ghost (novice GnWn)
  4709 | D:7      | Noticed a gargoyle
  4710 | D:7      | Found a runed translucent gate.
  4710 | D:7      | Found a runed translucent gate.
  4712 | D:7      | Found a runed translucent gate.
  5004 | D:7      | Found Teikoeno's Weapon Boutique.
  5268 | D:8      | Noticed a manticore
  5274 | D:8      | Killed a manticore
  5275 | D:8      | Reached skill level 9 in Axes
  5305 | D:8      | Found an opulent altar of Gozag.
  5473 | D:8      | Reached skill level 5 in Invocations
  5523 | D:8      | Reached skill level 10 in Axes
  5523 | D:8      | Reached skill level 5 in Dodging
  5523 | D:8      | Reached XP level 10. HP: 87/88 MP: 12/12
  5623 | D:8      | Identified the +5 ring mail of the Original Sin {rPois
                  | Regen+ Dex+3 Stlth-}
  5625 | D:8      | Found Iluafrebb's Assorted Antiques.
  5651 | D:8      | Bought a scroll labelled HUZENT WIAD for 28 gold pieces
  5651 | D:8      | Bought a scroll labelled TUJY VESSUCRAO for 28 gold pieces
  5651 | D:8      | Bought a scroll labelled QASAUPE MIYRA for 28 gold pieces
  5651 | D:8      | Bought a red potion for 25 gold pieces
  5651 | D:8      | Bought a fuming blue potion for 25 gold pieces
  5651 | D:8      | Bought a ruby potion for 25 gold pieces
  5651 | D:8      | Bought a yellow potion for 25 gold pieces
  5658 | D:8      | Identified a scroll of acquirement
  6134 | D:9      | Paralysed by a hornet for 3 turns
  6143 | D:9      | Paralysed by a hornet for 3 turns
  6144 | D:9      | HP: 2/88 [hornet (7)]
  6145 | D:9      | Succumbed to a hornet's poison

Illustrated notes

Levels and vault maps discovered:
D:1:      wander_arrival_chamber, layout_loops_ring,
          chequers_ecumenical_altar_twisty
D:2:      layout_basic
D:3:      layout_rooms, kennysheep_slug_shrine, nicolae_qazlal_general_emergency
D:4:      layout_rooms, lemuel_round_altar, nicolae_wu_jian_immortal_techniques,
          ebering_ghost_reflecting_pool
D:5:      layout_basic, hangedman_ru_absence, tso_metal_star,
          chequers_temple_overflow_minitemple, moated_statue,
          minmay_mini_ossuary
D:6:      layout_rooms, nicolae_overflow_crystal_walls,
          nicolae_dithmenos_shadow_blocks, minmay_temple_entry_proselytizer,
          hangedman_decor_push, kennysheep_generic_room_11
D:7:      layout_loops_ring, gammafunk_ghost_split, serial_shops, shop,
          hangedman_decor_peaks_small, patterned_corridor
D:8:      layout_loops_cross, mainiacjoe_overflow_alcove_1, serial_shops,
          nicolae_shop_waterfront
D:9:      layout_basic, minmay_stone_trees_small

Skill      XL: |  1  2  3  4  5  6  7  8  9 |
---------------+----------------------------+-----
Axes           | 3 4 5 6 7 8 10 | 10.2
Fighting       | 4 5 6 7 |  7.8
Armour         | 4 5 6 7 |  7.9
Invocations    | 1 2 3 4 5 |  5.2
Dodging        | 1 2 4 5 |  5.1
Evocations     | 4 |  4.7
Shields        | |  3.6

Action                   |  1- 3 |  4- 6 |  7- 9 | 10-12 || total
-------------------------+-------+-------+-------+-------++-------
Melee: War axe           |    93 |    97 |   177 |    31 ||   398
       Headbutt          |     9 |    16 |    42 |     3 ||    70
Evoke: Wand              |       |       |     4 |       ||     4
  Use: Scroll            |       |       |       |    12 ||    12
Armor: Scale mail        |    37 |    39 |    37 |     6 ||   119
Dodge: Dodged            |    33 |    33 |   155 |    17 ||   238
Block: Buckler           |    44 |    46 |    50 |    12 ||   152
       Reflection        |     3 |     1 |       |       ||     4

Table legend: (Time is in decaauts)
 A = Elapsed time spent in this place.
 B = Non-inter-level travel time spent in this place.
 C = Inter-level travel time spent in this place.
 D = Time resting spent in this place.
 E = Time spent auto-exploring this place.
 F = Levels seen in this place.
 G = Mean time per level.
                   A        B        C        D        E       F      G
               +--------+--------+--------+--------+--------+-----+--------+
         Total |   7678 |   7376 |    302 |    261 |   5969 |   9 |  853.1 |
       Dungeon |   7678 |   7376 |    302 |    261 |   5969 |   9 |  853.1 |
               +--------+--------+--------+--------+--------+-----+--------+

Top non-repeatable levels by time:
     D:7: 1289 daAuts
     D:8: 1235 daAuts
     D:5: 991 daAuts
     D:1: 891 daAuts
     D:6: 884 daAuts
     D:4: 851 daAuts
     D:2: 821 daAuts
     D:3: 645 daAuts
     D:9: 68 daAuts
